 Dungeon Crawl Stone Soup version 0.29-a0-872-g797fff5ad1 (webtiles) character file.

Game seed: 3425772215821238035

178 siradein the Shooter (level 5, 0/32 HPs)
             Began as a Kobold Hunter on July 19, 2022.
             Was a Follower of Vehumet.
             Slain by an orc
             ... wielding a +2 vampiric falchion
              (9 damage)
             ... on level 3 of the Dungeon.
             The game lasted 00:04:24 (1868 turns).

siradein the Shooter (Kobold Hunter)                Turns: 1868, Time: 00:04:25

Health: 0/32       AC:  5    Str:  9    XL:     5   Next: 89%
Magic:  5/5        EV: 16    Int: 10    God:    Vehumet [*.....]
Gold:   196        SH:  0    Dex: 20    Spells: 4/4 levels left

rFire   . . .      SeeInvis .   a - +0 shortbow
rCold   . . .      Faith    .   (shield currently unavailable)
rNeg    + . .      Spirit   .   c - +0 leather armour
rPois   .          Reflect  .   (no helmet)
rElec   .          Harm     .   o - +0 cloak
rCorr   .          Rampage  .   (no gloves)
Will    .....                   n - +0 pair of boots
Stlth   ++++......              (no amulet)
HPRegen 0.10/turn               d - ring of positive energy
MPRegen 0.09/turn               (no ring)

@: no status effects
A: small, no large weapons, nightstalker 3
a: Renounce Religion


You were on level 3 of the Dungeon.
You worshipped Vehumet.
Vehumet was aware of your devotion.
You visited 1 branch of the dungeon, and saw 3 of its levels.

You collected 196 gold pieces.

Inventory:

Hand Weapons
 a - a +0 shortbow (weapon)
 l - a +1 dagger of venom
Armour
 c - a +0 leather armour (worn)
 n - a +0 pair of boots (worn)
 o - a +0 cloak (worn)
Jewellery
 d - a ring of positive energy (left hand)
Scrolls
 b - a scroll of immolation
 e - 2 scrolls of magic mapping {unknown}
 h - 2 scrolls of blinking {unknown}
 i - a scroll of fog {unknown}
 p - a scroll of enchant armour {unknown}
 q - a scroll of brand weapon {unknown}
 r - a scroll of fear {unknown}
 s - a scroll of identify {unknown}
Potions
 f - a potion of attraction {unknown}
 g - a potion of magic {unknown}
 j - a potion of invisibility {unknown}
 k - a potion of haste {unknown}
 m - 2 potions of cancellation {unknown}


   Skills:
 + Level 3.5 Fighting
 + Level 6.3 Ranged Weapons
 + Level 4.0 Dodging
 + Level 3.9 Stealth


You had 4 spell levels left.
You didn't know any spells.
Your spell library contained the following spells:

 Spells                   Type           Power      Damage    Failure   Level
 Magic Dart               Conj           0%         1d3       47%         1
 Summon Small Mammal      Summ           0%         N/A       47%         1
 Call Imp                 Summ           0%         N/A       63%         2
 Call Canine Familiar     Summ           0%         N/A       85%         3
 Mephitic Cloud           Conj/Pois/Air  0%         N/A       85%         3
 Summon Guardian Golem    Hex/Summ       0%         N/A       85%         3


Dungeon Overview and Level Annotations

Branches:
Dungeon (3/15)

Altars:
Vehumet
Xom


Innate Abilities, Weirdness & Mutations

You are small and have problems with some larger weapons.
You are completely attuned to the shadows.


Message History

You shoot an arrow.
The arrow hits the orc but does no damage.
The orc hits you with a +0 flail.
An orc comes into view. It is wielding a +0 war axe.
The orc barely misses you. x2; The orc hits you with a +0 flail.
You shoot an arrow. The arrow closely misses the orc.
The orc misses you. x2
The orc hits you with a +2 vampiric falchion.
You shoot an arrow. The arrow hits the orc.
The orc is heavily wounded.
The orc hits you but does no damage. The orc completely misses you.
The orc hits you with a +2 vampiric falchion.
You shoot an arrow. The arrow hits the orc!
You kill the orc!
Vehumet accepts your kill. The orc completely misses you.
The orc barely misses you.
You shoot an arrow. The arrow hits the orc.
The orc is heavily wounded.
The orc hits you with a +2 vampiric falchion.
The orc hits you but does no damage. The orc barely misses you.
The orc hits you with a +0 war axe.
* * * LOW HITPOINT WARNING * * *
The orc misses you. The orc hits you but does no damage.
You are too injured to fight recklessly!
You are too injured to fight recklessly!
You are too injured to fight recklessly!
Unknown command.
You are too injured to fight recklessly!
The orc attacks as you move away! The orc misses you.
The orc attacks as you move away! The orc closely misses you.
The orc attacks as you move away! The orc barely misses you.
You see here the felid corpse of Natasha.
The orc attacks as you move away! The orc hits you but does no damage.
The orc attacks as you move away! The orc misses you.
Fire: a) +0 shortbow
Press: ? - help, Q - select action Shift-Dir - straight line, f/p - orc
Aim: an orc, wielding a +0 war axe (heavily wounded, 66% to hit)
You shoot an arrow.
The arrow hits the orc but does no damage.
The orc hits you with a +2 vampiric falchion!
You die...

..##.# #.#.....########## #....
..##.#####.........## #....
...#.##.............##### ##...
##...##.##.......#......# #...
##...............##.....# #...
................#####...# ####...
................#......†###....##
.)#...........o##.###..........#
..............oo@.# #...##<....#
..########.....#### #...###....#
.. #.....# #...# ###### ..
#.....# ##### .. #######


You could see 3 orcs.

Vanquished Creatures
  An orc priest (D:3)
  Natasha (D:3)
  5 adders
  A worm (D:3)
  4 dart slugs
  5 orcs (D:3)
  4 endoplasms
  2 giant cockroaches (D:3)
  5 goblins
  3 hobgoblins
  2 jackals (D:1)
  8 kobolds
  A quokka (D:1)
  6 ball pythons
  10 bats
  4 frilled lizards
  4 rats
66 creatures vanquished.

Notes
Turn   | Place    | Note
-------+----------+-------------------------------------------
     0 | D:1      | siradein the Kobold Hunter began the quest for the Orb.
     0 | D:1      | Reached XP level 1. HP: 12/12 MP: 1/1
   151 | D:1      | Reached XP level 2. HP: 18/18 MP: 2/2
   388 | D:1      | Reached XP level 3. HP: 22/22 MP: 3/3
   904 | D:2      | Reached XP level 4. HP: 28/28 MP: 4/4
  1136 | D:2      | Found a faded altar of an unknown god.
  1298 | D:2      | Prayed at the altar of an unknown god.
  1298 | D:2      | Became a worshipper of Vehumet
  1298 | D:2      | Reached * piety under Vehumet
  1298 | D:2      | Offered knowledge of Magic Dart by Vehumet.
  1440 | D:3      | Reached skill level 6 in Ranged Weapons
  1512 | D:3      | Reached XP level 5. HP: 32/32 MP: 5/5
  1779 | D:3      | Found a shimmering altar of Xom.
  1827 | D:3      | Noticed Natasha
  1830 | D:3      | Killed Natasha
  1868 | D:3      | Slain by an orc

Illustrated notes

Levels and vault maps discovered:
D:1:      heliophobic_arrival_dark_side_of_the_moon, layout_loops_ring,
          serial_forest, infiniplex_forest_straight_2,
          infiniplex_forest_corner_1, infiniplex_forest_straight_2,
          infiniplex_forest_lined_room_2, infiniplex_forest_join
D:2:      layout_rooms, shapermc_ecumenical_altar_venn
D:3:      layout_rooms, tgw_xom, serial_shops, shop, uniq_natasha

Skill      XL: |  1  2  3  4  5 |
---------------+----------------+-----
Stealth        | 2 3 |  3.9
Dodging        | 3 4 |  4.0
Fighting       | 3 |  3.5
Ranged Weapons | 6 |  6.3

Action                   |  1- 3 |  4- 6 || total
-------------------------+-------+-------++-------
 Fire: Shortbow          |    65 |    81 ||   146
Armor: Leather armour    |     6 |    11 ||    17
Dodge: Dodged            |    21 |    38 ||    59

Table legend: (Time is in decaauts)
 A = Elapsed time spent in this place.
 B = Non-inter-level travel time spent in this place.
 C = Inter-level travel time spent in this place.
 D = Time resting spent in this place.
 E = Time spent auto-exploring this place.
 F = Levels seen in this place.
 G = Mean time per level.
                   A        B        C        D        E       F      G
               +--------+--------+--------+--------+--------+-----+--------+
         Total |   1908 |   1823 |     85 |      0 |   1489 |   3 |  636.0 |
       Dungeon |   1908 |   1823 |     85 |      0 |   1489 |   3 |  636.0 |
               +--------+--------+--------+--------+--------+-----+--------+

Top non-repeatable levels by time:
     D:1: 795 daAuts
     D:2: 615 daAuts
     D:3: 497 daAuts
